| TOP OF THE 1ST |
|
St. Louis (CL) Cardinals batting - Pitching for Pittsburgh Pirates : RHP Dick Barrett
|
|
Pitching: RHP Dick Barrett
|
|
|
Batting: LHB Wally Judnich
|
0-0: Called Strike 0-1: Ball 1-1: Foul Ball, location: 2F 1-2: Foul Ball, location: 2F 1-2: Ball 2-2: Ball 3-2: Foul Ball, location: 2F 3-2: Foul Ball, location: 2F 3-2: Foul Ball, location: 2F 3-2: Foul Ball, location: 2F 3-2: Base on Balls
|
|
Batting: LHB Hank Thompson
|
0-0: Ball 1-0: Foul Ball, location: 2F 1-1: Ball 2-1: SINGLE (Line Drive, 3D, EV 98.8 MPH) Wally Judnich to second Runner from 2nd tries for 3rd, SAFE, throw by RF made to third
|
|
Batting: RHB Moises Alou
|
0-0: Ball 1-0: Ball 2-0: Ball 3-0: Base on Balls Hank Thompson to second
|
|
Batting: LHB Jim Northrup
|
0-0: Fly out, F8 (Flyball, 8RS, EV 86.9 MPH)
|
|
Batting: RHB Ernie Lombardi
|
0-0: Called Strike 0-1: Swinging Strike 0-2: Ball 1-2: Ball 2-2: Ball 3-2: Strikes out swinging
|
|
Batting: RHB Orlando Arcia
|
0-0: Called Strike 0-1: Called Strike 0-2: Ball 1-2: Ball 2-2: Fielders Choice at 2nd, 5-4 (Groundball, 56, EV 81.9 MPH)
|
| Top of the 1st over - 0 runs, 1 hit, 0 errors, 3 left on base; St. Louis (CL) 0 - Pittsburgh 0 |
| BOTTOM OF THE 1ST |
|
Pittsburgh Pirates batting - Pitching for St. Louis (CL) Cardinals : LHP Vito Tamulis
|
|
Pitching: LHP Vito Tamulis
|
|
|
Batting: LHB Clyde Milan
|
0-0: Ball 1-0: Ball 2-0: Ball 3-0: Called Strike 3-1: SINGLE (Groundball, 4S, EV 64.4 MPH) (infield hit)
|
|
Batting: RHB Creepy Crespi
|
0-0: Ball 1-0: Ball 2-0: Swinging Strike 2-1: Ball 3-1: Foul Ball, location: 2F 3-2: Fielders Choice at 2nd, 4-6 (Groundball, 34, EV 86.9 MPH)
|
|
Batting: RHB Frank Robinson
|
0-0: SINGLE (Line Drive, 7S, EV 96.3 MPH) Creepy Crespi to second
|
|
Batting: RHB Sammy Sosa
|
0-0: Fly out, F9 (Line Drive, 9D, EV 88.1 MPH)
|
|
Batting: LHB Johnny Mize
|
0-0: Ball 1-0: Ball 2-0: Foul Ball, location: 2F 2-1: Swinging Strike 2-2: 3-RUN HOME RUN (Flyball, 7D, EV 105.6 MPH), Distance : 381 ft
|
|
Batting: RHB Mike Lowell
|
0-0: Ball 1-0: Ground out 4-3 (Groundball, 4, EV 107.5 MPH)
|
| Bottom of the 1st over - 3 runs, 3 hits, 0 errors, 0 left on base; St. Louis (CL) 0 - Pittsburgh 3 |
| TOP OF THE 2ND |
|
St. Louis (CL) Cardinals batting - Pitching for Pittsburgh Pirates : RHP Dick Barrett
|
|
Batting: RHB Milt Bolling
|
0-0: Called Strike 0-1: Foul Ball, location: 2F 0-2: Strikes out swinging
|
|
Batting: RHB DJ LeMahieu
|
0-0: Ball 1-0: Called Strike 1-1: Ball 2-1: Ground out 6-3 (Groundball, 6, EV 90.6 MPH)
|
|
Batting: LHB Vito Tamulis
|
0-0: Fly out, F7 (Line Drive, 78S, EV 109.4 MPH)
|
| Top of the 2nd over - 0 runs, 0 hits, 0 errors, 0 left on base; St. Louis (CL) 0 - Pittsburgh 3 |
| BOTTOM OF THE 2ND |
|
Pittsburgh Pirates batting - Pitching for St. Louis (CL) Cardinals : LHP Vito Tamulis
|
|
Batting: RHB Walker Cooper
|
0-0: Fly out, F7 (Flyball, 7D, EV 89.4 MPH)
|
|
Batting: RHB Juan Uribe
|
0-0: SINGLE (Line Drive, 89S, EV 107.5 MPH)
|
|
Batting: RHB Dick Barrett
|
0-0: Bunted foul 0-1: Bunt missed! 0-2: Ball 1-2: Bunt - Flyout to 15S! F1
|
|
Batting: LHB Clyde Milan
|
0-0: Called Strike 0-1: Foul Ball, location: 2F 0-2: Ball 1-2: Ground out 4-3 (Groundball, 4, EV 103.8 MPH)
|
| Bottom of the 2nd over - 0 runs, 1 hit, 0 errors, 1 left on base; St. Louis (CL) 0 - Pittsburgh 3 |
| TOP OF THE 3RD |
|
St. Louis (CL) Cardinals batting - Pitching for Pittsburgh Pirates : RHP Dick Barrett
|
|
Batting: LHB Wally Judnich
|
0-0: Foul Ball, location: 2F 0-1: Called Strike 0-2: Ball 1-2: Ball 2-2: Fly out, F6 (Flyball, 56D, EV 83.1 MPH)
|
|
Batting: LHB Hank Thompson
|
0-0: Called Strike 0-1: Ball 1-1: Swinging Strike 1-2: Fly out, F6 (Popup, 6, EV 57.5 MPH)
|
|
Batting: RHB Moises Alou
|
0-0: Foul Ball, location: 2F 0-1: Ball 1-1: Ball 2-1: Foul Ball, location: 2F 2-2: Foul Ball, location: 2F 2-2: Ball 3-2: Strikes out swinging
|
| Top of the 3rd over - 0 runs, 0 hits, 0 errors, 0 left on base; St. Louis (CL) 0 - Pittsburgh 3 |
| BOTTOM OF THE 3RD |
|
Pittsburgh Pirates batting - Pitching for St. Louis (CL) Cardinals : LHP Vito Tamulis
|
|
Batting: RHB Creepy Crespi
|
0-0: Ground out 6-3 (Groundball, 6, EV 90.6 MPH)
|
|
Batting: RHB Frank Robinson
|
0-0: Foul Ball, location: 2F 0-1: Ball 1-1: Ball 2-1: Fly out, F3 (Flyball, 3D, EV 92.5 MPH)
|
|
Batting: RHB Sammy Sosa
|
0-0: Called Strike 0-1: Swinging Strike 0-2: SINGLE (Flyball, 8LS, EV 85.6 MPH)
|
|
Batting: LHB Johnny Mize
|
0-0: Ball 1-0: Called Strike 1-1: SINGLE (Groundball, 56D, EV 103.8 MPH) Sammy Sosa to second
|
|
Batting: RHB Mike Lowell
|
0-0: Called Strike 0-1: Called Strike 0-2: SINGLE (Flyball, 89S, EV 91.9 MPH) Sammy Sosa to third Johnny Mize to second Runner from 3rd tries for Home, SAFE, throw by RF to home
|
|
Batting: RHB Walker Cooper
|
0-0: DOUBLE (Flyball, 89D, EV 100.6 MPH) Johnny Mize scores Mike Lowell to third Runner from 3rd tries for Home, SAFE, throw by CF to home
|
|
Pitching: RHP Jack Morris
|
|
|
Batting: RHB Juan Uribe
|
0-0: Foul Ball, location: 2F 0-1: Swinging Strike 0-2: Foul Ball, location: 2F 0-2: Ball 1-2: Ground out 5-3 (Groundball, 5, EV 102.5 MPH)
|
| Bottom of the 3rd over - 3 runs, 4 hits, 0 errors, 1 left on base; St. Louis (CL) 0 - Pittsburgh 6 |
| TOP OF THE 4TH |
|
St. Louis (CL) Cardinals batting - Pitching for Pittsburgh Pirates : RHP Dick Barrett
|
|
Batting: LHB Jim Northrup
|
0-0: Fly out, F7 (Flyball, 7LM, EV 81.9 MPH)
|
|
Batting: RHB Ernie Lombardi
|
0-0: Foul Ball, location: 2F 0-1: Foul Ball, location: 2F 0-2: Ball 1-2: Strikes out looking
|
|
Batting: RHB Orlando Arcia
|
0-0: Called Strike 0-1: Called Strike 0-2: Strikes out swinging
|
| Top of the 4th over - 0 runs, 0 hits, 0 errors, 0 left on base; St. Louis (CL) 0 - Pittsburgh 6 |
| BOTTOM OF THE 4TH |
|
Pittsburgh Pirates batting - Pitching for St. Louis (CL) Cardinals : RHP Jack Morris
|
|
Batting: RHB Dick Barrett
|
0-0: Called Strike 0-1: Ball 1-1: Ball 2-1: Foul Ball, location: 2F 2-2: Strikes out looking
|
|
Batting: LHB Clyde Milan
|
0-0: Ball 1-0: Foul Ball, location: 2F 1-1: Ball 2-1: Called Strike 2-2: Strikes out swinging
|
|
Batting: RHB Creepy Crespi
|
0-0: Ball 1-0: Foul Ball, location: 2F 1-1: Ball 2-1: Foul Ball, location: 2F 2-2: Foul Ball, location: 2F 2-2: Strikes out swinging
|
| Bottom of the 4th over - 0 runs, 0 hits, 0 errors, 0 left on base; St. Louis (CL) 0 - Pittsburgh 6 |
| TOP OF THE 5TH |
|
St. Louis (CL) Cardinals batting - Pitching for Pittsburgh Pirates : RHP Dick Barrett
|
|
Batting: RHB Milt Bolling
|
0-0: Ball 1-0: Foul Ball, location: 2F 1-1: Ball 2-1: Swinging Strike 2-2: SINGLE (Groundball, 5S, EV 62.5 MPH) (infield hit)
|
|
Batting: RHB DJ LeMahieu
|
0-0: Foul Ball, location: 2F 0-1: SINGLE (Flyball, 78S, EV 89.4 MPH) Milt Bolling to second
|
|
Batting: RHB Jack Morris
|
0-0: Sac Bunt to 3S - play at first, batter OUT! 3-4 Milt Bolling to third DJ LeMahieu to second
|
|
Batting: LHB Wally Judnich
|
0-0: Fly out, F9 (Line Drive, 9, EV 90.0 MPH)
|
|
Batting: LHB Hank Thompson
|
0-0: Ball 1-0: Fly out, F2 (Popup, 23F, EV 91.3 MPH)
|
| Top of the 5th over - 0 runs, 2 hits, 0 errors, 2 left on base; St. Louis (CL) 0 - Pittsburgh 6 |
| BOTTOM OF THE 5TH |
|
Pittsburgh Pirates batting - Pitching for St. Louis (CL) Cardinals : RHP Jack Morris
|
|
Batting: RHB Frank Robinson
|
0-0: Foul Ball, location: 2F 0-1: Ball 1-1: Ball 2-1: Foul Ball, location: 2F 2-2: Foul Ball, location: 2F 2-2: Foul Ball, location: 2F 2-2: Foul Ball, location: 2F 2-2: Fly out, F8 (Flyball, 8LS, EV 87.5 MPH)
|
|
Batting: RHB Sammy Sosa
|
0-0: DOUBLE (Groundball, 5L, EV 101.9 MPH)
|
|
Batting: LHB Johnny Mize
|
0-0: Ball 1-0: Foul Ball, location: 2F 1-1: Reached on error, E5 (Popup, 5L, EV 79.4 MPH) Sammy Sosa to third
|
|
Batting: RHB Mike Lowell
|
0-0: Called Strike 0-1: Ball 1-1: Swinging Strike 1-2: Strikes out swinging
|
|
Batting: RHB Walker Cooper
|
0-0: Called Strike 0-1: Ball 1-1: Ball 2-1: Foul Ball, location: 2F 2-2: Strikes out looking
|
| Bottom of the 5th over - 0 runs, 1 hit, 1 error, 2 left on base; St. Louis (CL) 0 - Pittsburgh 6 |
| TOP OF THE 6TH |
|
St. Louis (CL) Cardinals batting - Pitching for Pittsburgh Pirates : RHP Dick Barrett
|
|
Batting: RHB Moises Alou
|
0-0: Ball 1-0: Ball 2-0: Foul Ball, location: 2F 2-1: Ball 3-1: Ground out 2-3 (Groundball, 15S, EV 74.4 MPH)
|
|
Batting: LHB Jim Northrup
|
0-0: Ball 1-0: Foul Ball, location: 2F 1-1: Called Strike 1-2: Foul Ball, location: 2F 1-2: Ball 2-2: SINGLE (Line Drive, 56, EV 103.8 MPH)
|
|
Batting: RHB Ernie Lombardi
|
0-0: Ball 1-0: Ball 2-0: Ball 3-0: Called Strike 3-1: Foul Ball, location: 2F 3-2: Base on Balls Jim Northrup to second
|
|
Batting: RHB Orlando Arcia
|
0-0: Ball 1-0: SINGLE (Line Drive, 9S, EV 98.8 MPH) Jim Northrup to third Ernie Lombardi to second Runner from 3rd tries for Home, SAFE, throw by RF to home
|
|
Batting: RHB Milt Bolling
|
0-0: Swinging Strike 0-1: Swinging Strike 0-2: Ball 1-2: Ball Passed Ball! Ernie Lombardi to third Orlando Arcia to second 2-2: Strikes out looking
|
|
Batting: RHB DJ LeMahieu
|
0-0: Ball 1-0: Ground out 6-3 (Groundball, 6, EV 83.1 MPH)
|
| Top of the 6th over - 1 run, 2 hits, 0 errors, 2 left on base; St. Louis (CL) 1 - Pittsburgh 6 |
| BOTTOM OF THE 6TH |
|
Pittsburgh Pirates batting - Pitching for St. Louis (CL) Cardinals : RHP Jack Morris
|
|
Batting: RHB Juan Uribe
|
0-0: Ball 1-0: Ball 2-0: Called Strike 2-1: Ball 3-1: Ground out 1-3 (Groundball, P, EV 69.4 MPH)
|
|
Batting: RHB Dick Barrett
|
0-0: Fly out, F8 (Line Drive, 8LD, EV 98.1 MPH)
|
|
Batting: LHB Clyde Milan
|
0-0: Foul Ball, location: 2F 0-1: Ball 1-1: Foul Ball, location: 2F 1-2: SINGLE (Line Drive, 5D, EV 100.0 MPH)
|
|
Batting: RHB Creepy Crespi
|
0-0: Ball 1-0: SINGLE (Groundball, 6MD, EV 105.6 MPH) Clyde Milan to second Runner from 2nd tries for 3rd, SAFE, throw by CF made to third
|
|
Batting: RHB Frank Robinson
|
0-0: Ball 1-0: SINGLE (Line Drive, 3, EV 67.5 MPH) (infield hit) Clyde Milan scores Creepy Crespi to second
|
|
Batting: RHB Sammy Sosa
|
0-0: Called Strike 0-1: Foul Ball, location: 2F 0-2: Hit by Pitch Creepy Crespi to third Frank Robinson to second
|
|
Batting: LHB Johnny Mize
|
0-0: Called Strike 0-1: SINGLE (Groundball, 34D, EV 96.3 MPH) Creepy Crespi scores Frank Robinson to third Sammy Sosa to second Runner from 3rd tries for Home, SAFE, throw by RF to home Sammy Sosa to third Johnny Mize to second
|
|
Batting: RHB Mike Lowell
|
0-0: Called Strike 0-1: Swinging Strike 0-2: Ball 1-2: Fly out, F9 (Flyball, 89S, EV 91.3 MPH)
|
| Bottom of the 6th over - 3 runs, 4 hits, 0 errors, 2 left on base; St. Louis (CL) 1 - Pittsburgh 9 |
| TOP OF THE 7TH |
|
St. Louis (CL) Cardinals batting - Pitching for Pittsburgh Pirates : RHP Dick Barrett
|
|
Pinch Hitting: LHB Jimmie Hall
|
0-0: Called Strike 0-1: Ball 1-1: Ball 2-1: Fly out, F5 (Popup, 5S, EV 67.5 MPH)
|
|
Pinch Hitting: LHB Brock Davis
|
0-0: SINGLE (Groundball, 56D, EV 104.4 MPH)
|
|
Pinch Hitting: LHB Tony Kubek
|
0-0: Foul Ball, location: 2F 0-1: Fly out, F8 (Flyball, 8LD, EV 99.4 MPH)
|
|
Batting: RHB Moises Alou
|
0-0: Called Strike 0-1: Ball 1-1: Ball 2-1: Called Strike 2-2: Strikes out swinging
|
| Top of the 7th over - 0 runs, 1 hit, 0 errors, 1 left on base; St. Louis (CL) 1 - Pittsburgh 9 |
| BOTTOM OF THE 7TH |
|
Pittsburgh Pirates batting - Pitching for St. Louis (CL) Cardinals : RHP Jack Morris
|
|
Pitching: RHP Jeff Juden
|
|
|
Now at 1B: Tony Kubek
|
|
|
Now in CF: Brock Davis
|
|
|
Batting: RHB Walker Cooper
|
0-0: Ball 1-0: Called Strike 1-1: Ball 2-1: Foul Ball, location: 2F 2-2: Ball 3-2: Foul Ball, location: 2F 3-2: Base on Balls
|
|
Batting: RHB Juan Uribe
|
0-0: Foul Ball, location: 2F 0-1: Ball 1-1: Ball 2-1: Swinging Strike 2-2: Strikes out looking
|
|
Batting: RHB Dick Barrett
|
0-0: Bunted foul 0-1: Ball 1-1: Bunted foul 1-2: Sac Bunt to 13 - play at first, batter OUT! 1-4 Walker Cooper to second
|
|
Batting: LHB Clyde Milan
|
0-0: Ball 1-0: Foul Ball, location: 2F 1-1: SINGLE (Groundball, 6M, EV 104.4 MPH) (infield hit) Walker Cooper to third
|
|
Pinch Hitting: LHB Jeff Branson
|
0-0: Swinging Strike 0-1: Foul Ball, location: 2F 0-2: Ground out 4-3 (Groundball, 4, EV 106.3 MPH)
|
| Bottom of the 7th over - 0 runs, 1 hit, 0 errors, 2 left on base; St. Louis (CL) 1 - Pittsburgh 9 |
| TOP OF THE 8TH |
|
St. Louis (CL) Cardinals batting - Pitching for Pittsburgh Pirates : RHP Dick Barrett
|
|
Now at 2B: Jeff Branson
|
|
|
Pinch Hitting: LHB Fred Beck
|
0-0: Called Strike 0-1: Called Strike 0-2: Foul Ball, location: 2F 0-2: SINGLE (Groundball, 34D, EV 106.9 MPH)
|
|
Batting: RHB Ernie Lombardi
|
0-0: Ball 1-0: Fly out, F7 (Flyball, 78S, EV 82.5 MPH)
|
|
Pinch Hitting: RHB Orlando Miller
|
0-0: Called Strike 0-1: Ball 1-1: Foul Ball, location: 2F 1-2: Ball 2-2: Strikes out looking
|
|
Pinch Hitting: RHB Billy Orr
|
0-0: Called Strike 0-1: Called Strike 0-2: Foul Ball, location: 2F 0-2: Ball 1-2: Strikes out looking
|
| Top of the 8th over - 0 runs, 1 hit, 0 errors, 1 left on base; St. Louis (CL) 1 - Pittsburgh 9 |
| BOTTOM OF THE 8TH |
|
Pittsburgh Pirates batting - Pitching for St. Louis (CL) Cardinals : RHP Jeff Juden
|
|
Now at 3B: Orlando Miller
|
|
|
Now at SS: Billy Orr
|
|
|
Now in LF: Fred Beck
|
|
|
Batting: RHB Frank Robinson
|
0-0: Ball 1-0: Called Strike 1-1: Foul Ball, location: 2F 1-2: Fly out, F6 (Flyball, 56D, EV 83.8 MPH)
|
|
Batting: RHB Sammy Sosa
|
0-0: Fly out, F6 (Flyball, 6D, EV 93.1 MPH)
|
|
Batting: LHB Johnny Mize
|
0-0: Fly out, F5 (Popup, 5, EV 66.9 MPH)
|
| Bottom of the 8th over - 0 runs, 0 hits, 0 errors, 0 left on base; St. Louis (CL) 1 - Pittsburgh 9 |
| TOP OF THE 9TH |
|
St. Louis (CL) Cardinals batting - Pitching for Pittsburgh Pirates : RHP Dick Barrett
|
|
Batting: RHB DJ LeMahieu
|
0-0: Called Strike 0-1: Ball 1-1: SINGLE (Groundball, 25, EV 70.6 MPH) (infield hit)
|
|
Pinch Hitting: RHB Bill Freehan
|
0-0: Called Strike 0-1: Swinging Strike 0-2: Ball 1-2: Fly out, F9 (Flyball, 89M, EV 88.8 MPH)
|
|
|